 Dungeon Crawl Stone Soup version 0.30-a0-414-gcb316572d5 (webtiles) character file.

Game seed: 167705156583679094

77 ragingrage the Sneak (level 4, -2/29 HPs)
             Began as an Octopode Brigand on Dec 7, 2022.
             Killed from afar by Sigmund (7 damage)
             ... with a puff of flame
             ... on level 2 of the Dungeon.
             The game lasted 00:01:43 (1689 turns).

ragingrage the Sneak (Octopode Brigand)             Turns: 1689, Time: 00:01:43

Health: -2/29      AC:  1    Str: 10    XL:     4   Next: 33%
Magic:  4/4        EV: 16    Int: 13    God:
Gold:   68         SH:  0    Dex: 15    Spells: 2/3 levels left

rFire   . . .      SeeInvis .    a - +2 dagger
rCold   . . .      Faith    .    (no shield)
rNeg    . . .      Spirit   .    (helmet restricted)
rPois   .          Reflect  .    (no amulet)
rElec   .          Harm     .    m - +4 ring of evasion
rCorr   .          Rampage  .    (no ring)
Will    .....                    (no ring)
Stlth   ++........               (no ring)
HPRegen 0.24/turn                (no ring)
MPRegen 0.09/turn                (no ring)
                                 (no ring)
                                 (no ring)

@: confused
A: almost no armour, amphibious, 8 rings, camouflage 1, gelatinous body 1,
(nimble swimmer 1), tentacles
a: no special abilities


You were on level 2 of the Dungeon.
You visited 1 branch of the dungeon, and saw 3 of its levels.

You collected 68 gold pieces.

Inventory:

Hand Weapons
 a - a +2 dagger (weapon)
 i - a +0 scimitar
Missiles
 b - 8 poisoned darts
 c - 3 curare-tipped darts
Jewellery
 m - a +4 ring of evasion (left tentacle)
Scrolls
 d - 3 scrolls of identify {unknown}
 e - 2 scrolls of blinking {unknown}
 j - a scroll of enchant armour {unknown}
 k - a scroll of fear {unknown}
Potions
 f - a potion of haste {unknown}
 g - 2 potions of heal wounds {unknown}
 h - a potion of flight {unknown}
 l - a potion of degeneration {unknown}


   Skills:
 - Level 2.0 Fighting
 + Level 2.8 Short Blades
 - Level 2.0 Throwing
 - Level 1.0 Dodging
 + Level 6.7 Stealth
 + Level 1.5 Hexes


You had 2 spell levels left.
You knew the following spells:

 Your Spells              Type           Power      Damage    Failure   Level
a - Slow                  Hex            16%        N/A       17%         1

Your spell library contained the following spells:

 Spells                   Type           Power      Damage    Failure   Level
 Confusing Touch          Hex            4%         N/A       45%         3
 Vampiric Draining        Necr           0%         2d6       67%         3


Dungeon Overview and Level Annotations

Branches:
Dungeon (3/15)

Altars:

Annotations:
D:2 Sigmund
D:3 Grinder


Innate Abilities, Weirdness & Mutations

You cannot wear most types of armour.
You are amphibious.
You can wear up to eight rings at the same time.
Your skin changes colour to match your surroundings (Stealth+).
Your rubbery body absorbs attacks. (AC +1, EV +1)
((You are camouflaged when in or above water. (Stealth+)))
You have tentacles for arms and can constrict up to eight enemies at once.


Message History

Sigmund says, "Now you see me, now you don't..."
Sigmund barely misses you.
You hit Sigmund but do no damage.
Sigmund is moderately wounded.
You constrict Sigmund.
Sigmund points at you and mumbles some strange words.
You are confused.
You are too confused!
You are too confused!
You're too confused to move!
You constrict Sigmund. Sigmund gestures at you while chanting.
The magic dart hits you.
You're too confused to move!
You constrict Sigmund. Sigmund gestures at you while chanting.
You are more confused.
You release your grip on Sigmund.
Sigmund attacks as you move away! Sigmund misses you.
Sigmund whispers, "You'll know eternity soon."
Sigmund gestures at you while chanting. The magic dart hits you!
Sigmund completely misses you. Sigmund misses you.
Sigmund is suddenly surrounded by pale blue light.
Sigmund misses you.
Sigmund points at you and mumbles some strange words.
The magic dart hits you.
You're too confused to move!
You feel less confused.
Sigmund's eyes start glowing with a red light.
Sigmund closely misses you.
Sigmund screams, "I am the angel of ZOT!!!"
Sigmund gestures at you while chanting. The puff of flame hits you!
* * * LOW HITPOINT WARNING * * *
Sigmund points at you and mumbles some strange words.
You are confused.
You bump into the rock wall.
Sigmund casts a spell at you. The puff of flame hits you!
You die...

##...# #.# #.#.#######..#####
#..### #.# #....##...........
##.## #.# ###..#............ ...#
#.## #................ .### #..#
##.##............. ##
#.####..#.............. #########
#.[.##.#...............
........###..<.....#.............
#######.........@...@............
######.#.#######............
#........# ##.....#.....
#....##### ############ #....#
#.^..# #....# #....# ######


You could see Sigmund (strong).

Vanquished Creatures
  An orc priest (D:3)
  A worm (D:2)
  4 orcs
  3 ball pythons
  4 bats
  2 endoplasms (D:1)
  3 giant cockroaches
  5 goblins
  2 hobgoblins
  4 kobolds (D:2)
  2 quokkas
  4 frilled lizards
  A rat (D:1)
36 creatures vanquished.

Notes
Turn   | Place    | Note
-------+----------+-------------------------------------------
     0 | D:1      | ragingrage the Octopode Brigand began the quest for the
                  | Orb.
     0 | D:1      | Reached XP level 1. HP: 14/14 MP: 1/1
   189 | D:1      | Found a faded altar of an unknown god.
   404 | D:1      | Reached XP level 2. HP: 19/19 MP: 2/2
   628 | D:1      | Reached skill level 6 in Stealth
  1014 | D:2      | Learned a level 1 spell: Slow
  1160 | D:2      | Reached XP level 3. HP: 24/24 MP: 3/3
  1422 | D:2      | Noticed Sigmund
  1445 | D:3      | Reached skill level 1 in Hexes
  1445 | D:3      | Reached XP level 4. HP: 29/29 MP: 4/4
  1560 | D:3      | Noticed Grinder
  1576 | D:3      | Paralysed by Grinder for 3 turns
  1689 | D:2      | Killed from afar by Sigmund

Illustrated notes

Levels and vault maps discovered:
D:1:      shiori_arrival_elements, layout_basic,
          hellmonk_ecumenical_altar_zigzags, kennysheep_pointless_box,
          hangedman_decor_growths
D:2:      layout_rooms, uniq_sigmund
D:3:      layout_rooms, mainiacjoe_overflow_catwalk, uniq_natasha, uniq_grinder,
          uniq_jessica

Skill      XL: |  1  2  3 |
---------------+----------+-----
Stealth        | 6 |  6.7
Hexes          | 1 |  1.5
Fighting       | |  2.0
Short Blades   | |  2.8
Throwing       | |  2.0
Dodging        | |  1.0

Action                   |  1- 3 |  4- 6 || total
-------------------------+-------+-------++-------
Melee: Dagger            |    41 |    26 ||    67
       Constrict         |     8 |     5 ||    13
       Tentacles         |     6 |     6 ||    12
       Punch             |     1 |       ||     1
Throw: Dart              |       |     1 ||     1
 Cast: Slow              |       |     1 ||     1
 Stab: Sleeping          |    13 |     1 ||    14
Armor: Skin              |     3 |     2 ||     5
Dodge: Dodged            |    11 |    31 ||    42

Table legend: (Time is in decaauts)
 A = Elapsed time spent in this place.
 B = Non-inter-level travel time spent in this place.
 C = Inter-level travel time spent in this place.
 D = Time resting spent in this place.
 E = Time spent auto-exploring this place.
 F = Levels seen in this place.
 G = Mean time per level.
                   A        B        C        D        E       F      G
               +--------+--------+--------+--------+--------+-----+--------+
         Total |   1681 |   1623 |     58 |    175 |   1140 |   3 |  560.3 |
       Dungeon |   1681 |   1623 |     58 |    175 |   1140 |   3 |  560.3 |
               +--------+--------+--------+--------+--------+-----+--------+

Top non-repeatable levels by time:
     D:1: 1008 daAuts
     D:2: 617 daAuts
     D:3: 55 daAuts
